 Dungeon Crawl Stone Soup version 0.27.0-1-g7a089689b8 (webtiles) character file.

Game seed: 5940184799873913615

121 theswoord the Cutter (level 4, 0/36 HPs)
             Began as a Demonspawn Fighter on Aug 8, 2021.
             Succumbed to an adder's poison
             ... on level 3 of the Dungeon.
             The game lasted 00:02:37 (2314 turns).

theswoord the Cutter (Demonspawn Fighter)           Turns: 2314, Time: 00:02:38

Health: 0/36       AC:  7    Str: 17    XL:     4   Next: 77%
Magic:  4/4        EV:  9    Int: 10    God:
Gold:   66         SH:  0    Dex: 12    Spells: 3/3 levels left

rFire    . . .     SeeInvis .   a - +0 rapier
rCold    . . .     Faith    .   (no shield)
rNeg     . . .     Spirit   .   b - +0 scale mail
rPois    .         Reflect  .   (no helmet)
rElec    .         Harm     .   (no cloak)
rCorr    .         Rampage  .   (no gloves)
Will     .....                  (no boots)
Stlth    ..........             (no amulet)
HPRegen  0.12/turn              (no ring)
MPRegen  0.09/turn              (no ring)

@: lethally poisoned (0 -> -2), very slow
A: hooves 1, rugged brown scales 1, foul stench 1
a: no special abilities


You were on level 3 of the Dungeon.
You visited 1 branch of the dungeon, and saw 3 of its levels.

You collected 66 gold pieces.

Inventory:

Hand Weapons
 a - a +0 rapier (weapon)
Armour
 b - a +0 scale mail (worn)
 c - a +0 kite shield
 k - a +0 helmet
Jewellery
 e - an amulet of faith
 f - a +6 ring of dexterity
Scrolls
 h - a scroll of identify
 j - a scroll of enchant armour {unknown}
Potions
 g - a potion of brilliance


   Skills:
 - Level 3.0 Fighting
 + Level 4.6 Short Blades
 - Level 2.6 Armour
 - Level 2.6 Shields


You had 3 spell levels left.
You didn't know any spells.
Your spell library was empty.

Dungeon Overview and Level Annotations

Branches:
Dungeon (3/15)

Altars:


Innate Abilities, Weirdness & Mutations

You have large cloven feet.
You are partially covered in rugged brown scales. (AC +1, +3% HP)
You may rarely emit foul miasma when damaged in melee.


Message History

The giant cockroach bites you but does no damage.
You closely miss the giant cockroach. Your kick misses the giant cockroach.
The giant cockroach is heavily wounded.
The giant cockroach splashes around in the water.
You hit the giant cockroach but do no damage.
You kick the giant cockroach, but do no damage.
The giant cockroach is heavily wounded.
The giant cockroach barely misses you.
You barely miss the giant cockroach. You kick the giant cockroach.
You kill the giant cockroach!
No target in view!
No target in view!
Okay, then.
Okay, then.
You enter the shallow water.
Moving in this stuff is going to be slow.
You see here a giant cockroach corpse.
An adder and a worm come into view.
The adder hisses angrily.
You miss the adder. Your kick misses the adder. The adder misses you.
Your unstable footing causes you to fumble your attack.
The adder bites you but does no damage. The adder bites you.
* * * LOW HITPOINT WARNING * * *
Your unstable footing causes you to fumble your attack.
The adder bites you but does no damage.
Your unstable footing causes you to fumble your attack.
The adder bites you but does no damage.
You closely miss the adder. Your kick misses the adder. The adder bites you.
* * * LOW HITPOINT WARNING * * *
You are lethally poisoned!
The adder poisons you! The adder bites you but does no damage.
There is a lethal amount of poison in your body!
There is a lethal amount of poison in your body!
* * * LOW HITPOINT WARNING * * *
You feel very sick. The adder bites you but does no damage.
You hear the rusting of a drain.
* * * LOW HITPOINT WARNING * * *
You feel sick.
The adder bites you but does no damage. x2
You die...

**,** *,* ********#.* #.
*,* *,* #J* #. *,* *,*####
####.######.
*,****,##≈≈####≈≈##.......
*,,,,,,#≈≈≈≈≈≈≈≈≈†..######
*******##≈≈####≈≈####
#≈##≈≈#### #≈#≈≈≈≈≈≈*
#@#≈∩≈≈≈≈* #≈##≈≈**≈*
##≈S####≈≈#* #≈≈≈≈≈≈w≈≈≈*
##≈≈####≈≈#* #### ****


You could see an adder.

Vanquished Creatures
  Ijyb (D:3)
  2 adders (D:3)
  A river rat (D:3)
  A worm (D:2)
  2 dart slugs
  6 endoplasms
  3 giant cockroaches
  8 hobgoblins
  5 jackals (D:1)
  3 quokkas (D:1)
  5 ball pythons
  4 bats
  5 frilled lizards
  3 goblins
  4 kobolds
  3 rats (D:1)
56 creatures vanquished.

Notes
Turn   | Place    | Note
-------+----------+-------------------------------------------
     0 | D:1      | theswoord the Demonspawn Fighter began the quest for the
                  | Orb.
     0 | D:1      | Reached XP level 1. HP: 18/18 MP: 1/1
     7 | D:1      | Noticed a vampire
     7 | D:1      | Noticed a dwarf
     9 | D:1      | Noticed a palentonga
     9 | D:1      | Noticed an octopode
    11 | D:1      | Noticed a spriggan
    11 | D:1      | Noticed a formicid
    13 | D:1      | Noticed a tengu
    13 | D:1      | Noticed a ghoul
    15 | D:1      | Noticed a draconian
    15 | D:1      | Noticed a demigod
    17 | D:1      | Noticed a human
    17 | D:1      | Noticed a vine stalker
    19 | D:1      | Noticed a djinni
    19 | D:1      | Noticed a felid
    21 | D:1      | Noticed a minotaur
    21 | D:1      | Noticed a gargoyle
    23 | D:1      | Noticed an ogre
    25 | D:1      | Noticed a demonspawn
    27 | D:1      | Noticed a troll
    27 | D:1      | Noticed a naga
    29 | D:1      | Noticed a merfolk
    31 | D:1      | Noticed an elf
    31 | D:1      | Noticed a barachi
    60 | D:1      | Reached skill level 2 in Short Blades
   173 | D:1      | Gained mutation: You are partially covered in rugged brown
                  | scales. (AC +1, +3% HP) [demonic ancestry]
   173 | D:1      | Reached XP level 2. HP: 14/24 MP: 2/2
   685 | D:1      | Reached skill level 3 in Short Blades
   888 | D:1      | Gained mutation: You may rarely emit foul miasma when
                  | damaged in melee. [demonic ancestry]
   888 | D:1      | Reached XP level 3. HP: 29/29 MP: 3/3
  2141 | D:3      | Found a faded altar of an unknown god.
  2192 | D:3      | Reached skill level 4 in Short Blades
  2192 | D:3      | Gained mutation: You have large cloven feet. [demonic
                  | ancestry]
  2192 | D:3      | Reached XP level 4. HP: 20/36 MP: 4/4
  2194 | D:3      | Noticed Ijyb
  2208 | D:3      | Killed Ijyb
  2314 | D:3      | Succumbed to an adder's poison

Skill      XL: |  1  2  3 |
---------------+----------+-----
Short Blades   | 2 3 4 |  4.6
Fighting       | |  3.0
Armour         | |  2.6
Shields        | |  2.6

Action                   |  1- 3 |  4- 6 || total
-------------------------+-------+-------++-------
Melee: Rapier            |   146 |    37 ||   183
       Kick              |       |     8 ||     8
  Use: Scroll            |     2 |       ||     2
       Potion            |       |     1 ||     1
Armor: Scale mail        |    74 |    20 ||    94
Dodge: Dodged            |    51 |     8 ||    59

Levels and vault maps discovered:
D:1:      kb_arrival_jail, layout_basic, grunt_decor_cap
D:2:      layout_basic
D:3:      layout_loops_ring, gup_sewer_entry_bubbles, basic_ecumenical_altar,
          uniq_ijyb
